 Dungeon Crawl Stone Soup version 0.16.1-2-g95b8d4c (webtiles) character file.

144 Leibowitz the Ducker (level 5, 0/40 HPs)
             Began as a Demonspawn Gladiator on Mar 24, 2015.
             Killed from afar by an orc wizard (8 damage)
             ... with a puff of flame
             ... on level 4 of the Dungeon.
             The game lasted 00:10:30 (2269 turns).

Leibowitz the Ducker (Demonspawn Gladiator)         Turns: 2269, Time: 00:10:31

Health: 0/40       AC:  5    Str: 17    XL:     5   Next: 5%
Magic:  5/5        EV: 14    Int:  9    God:
Gold:   94         SH:  0    Dex: 17    Spells: 0 memorised, 4 levels left

rFire  . . .     SeeInvis .     a - +0 flail
rCold  . . .     Clarity  .     b - +1 leather armour
rNeg   . . .     SustAb   .     (no shield)
rPois  .         Gourm    .     (helmet restricted)
rElec  .         Spirit   .     r - +0 cloak
rCorr  .         Warding  .     (no gloves)
rMut   .         Rnd*Tele +     (no boots)
MR     .....                    m - amulet of regeneration
Stlth  ++........               o - ring of teleportation (curse)
                                l - +4 ring of dexterity

@: not resistant to hostile enchantments, unstealthy
A: antennae 1
a: Evoke Teleportation


You were on level 4 of the Dungeon.
You were not hungry.

You visited 1 branch of the dungeon, and saw 4 of its levels.

You collected 94 gold pieces.

Inventory:

Hand weapons
 a - a +0 flail (weapon)
Missiles
 d - 3 throwing nets (quivered)
 p - 17 poisoned needles
Armour
 b - a +1 leather armour (worn)
 r - a +0 cloak (worn)
Jewellery
 k - an uncursed ring of ice
 l - a +4 ring of dexterity (left hand)
 m - an amulet of regeneration (around neck)
 o - a cursed ring of teleportation (right hand)
Magical devices
 n - a wand of heal wounds (4)
 v - a wand of hasting (3)
Scrolls
 g - 4 scrolls of identify
 j - a scroll of enchant armour
 q - a scroll of random uselessness
 t - 2 scrolls of fear {unknown}
Potions
 c - 3 potions of curing
 e - a potion of heal wounds
 i - a potion of magic
Comestibles
 f - 5 bread rations
 h - 3 slices of pizza
 s - a beef jerky
 u - a chunk of flesh


   Skills:
 * Level 2.8 Fighting
 * Level 3.2 Maces & Flails
 + Level 1.7 Throwing
 * Level 1.7 Armour
 * Level 3.8 Dodging
 * Level 1.0 Stealth


You had 4 spell levels left.
You didn't know any spells.

Dungeon Overview and Level Annotations

Branches:
Dungeon (4/15)
 Temple: D:4-7

Altars:
Elyvilon
Nemelex Xobeh


Innate Abilities, Weirdness & Mutations

You have a pair of small antennae on your head.


Message History

The orc wizard casts a spell.
You feel troubled.
The orc priest mumbles some strange prayers to Beogh against you.
Something smites you!
You open the door.
There is an open door here.
The orc wizard mumbles some strange words.
The orc wizard seems to speed up.
There is an open door here.
The orc wizard points at you and mumbles some strange words.
The magic dart hits you! As you open the door, it creaks loudly!
There is an open door here.
An orc wizard opens the door.
The orc priest invokes the aid of Beogh against you.
Something smites you!
* * * LOW HITPOINT WARNING * * *
The orc wizard casts a spell at you. The puff of flame hits you!
You die...

.....o....oo..#.........
..$...........#.........
..............#.....)...
...............#.....†...
..................'..o..)...
...............!.....##'####+##
........#+####+#####'###.##.....
.........#..........'.o....#.....
....>....+.....<@.oo#......'.....
.........##+###....##..###+#.....
.........#..###..<.###+##.......#
.........#(.............#.......'
......)..'..............#.......#
.........#..............+.......#
....[....#..............#.......#
....###.###.............#.......#
....# ♣.♣ #.##..##+###+ #........


You could see an orc priest, an orc wizard and an orc.

Vanquished Creatures
  An iguana (D:3)
  5 adders
  A worm (D:4)
  2 giant geckos
  2 oozes (D:2)
  7 orcs
  7 giant cockroaches
  7 goblins
  3 hobgoblins
  A ball python (D:2)
  10 bats
  6 giant newts (D:1)
  3 jackals (D:3)
  2 kobolds
  5 rats
62 creatures vanquished.

Vanquished Creatures (others)
  An orc (D:4)
1 creature vanquished.

Grand Total: 63 creatures vanquished

Notes
Turn   | Place    | Note
--------------------------------------------------------------
     0 | D:1      | Leibowitz, the Demonspawn Gladiator, began the quest for the Orb.
     0 | D:1      | Reached XP level 1. HP: 16/16 MP: 1/1
     6 | D:1      | Noticed a komodo dragon
     6 | D:1      | Noticed a soldier ant
     6 | D:1      | Noticed a hell rat
     6 | D:1      | Noticed a centaur
   187 | D:1      | Reached skill level 3 in Dodging
   207 | D:1      | Gained mutation: You have a pair of small antennae on your head. [demonic ancestry]
   207 | D:1      | Reached XP level 2. HP: 22/22 MP: 2/2
   836 | D:2      | Found a white marble altar of Elyvilon.
   858 | D:2      | Reached XP level 3. HP: 9/28 MP: 3/3
  1091 | D:2      | Reached skill level 1 in Armour
  1508 | D:3      | Reached XP level 4. HP: 30/34 MP: 4/4
  1688 | D:3      | Found a sparkling altar of Nemelex Xobeh.
  2152 | D:4      | Reached skill level 1 in Stealth
  2204 | D:4      | Reached XP level 5. HP: 35/40 MP: 5/5
  2269 | D:4      | Killed from afar by an orc wizard

Action                   |  1- 3 |  4- 6 || total
-------------------------+-------+-------++-------
Melee: Flail             |   168 |    74 ||   242
  Use: Scroll            |     6 |     2 ||     8
       Potion            |     3 |     3 ||     6
 Stab: Sleeping          |       |     2 ||     2
  Eat: Chunk             |     2 |     4 ||     6
